 Dungeon Crawl Stone Soup version 0.22-b1-26-g9dbaab1 (webtiles) character file.

158 Goblin1989 the Ruffian (level 5, -4/50 HPs)
             Began as a Troll Monk on Aug 8, 2018.
             Killed by nerve-wracking pain
             ... invoked by an orc priest
              (7 damage)
             ... on level 3 of the Dungeon.
             The game lasted 00:03:38 (1518 turns).

Goblin1989 the Ruffian (Troll Monk)                 Turns: 1518, Time: 00:03:38

Health: -4/50      AC:  5    Str: 19    XL:     5   Next: 16%
Magic:  4/4        EV: 11    Int:  6    God:
Gold:   132        SH:  0    Dex: 18    Spells: 4/4 levels left

rFire    . . .     SeeInvis .     - Unarmed
rCold    . . .     Gourm    +   (no shield)
rNeg     . . .     Faith    .   a - +0 robe
rPois    .         Spirit   .   (helmet restricted)
rElec    .         Reflect  .   (no cloak)
rCorr    .         Harm     .   (gloves unavailable)
MR       .....                  (boots unavailable)
Stlth    ++........             (no amulet)
HPRegen  0.56/turn              m - +5 ring of dexterity (curse)
MPRegen  0.09/turn              (no ring)

@: no status effects
A: large, unfitting armour, claws 3, fast metabolism 3, gourmand, regeneration
1, shaggy fur 1, tough skin 2
a: no special abilities


You were on level 3 of the Dungeon.
You were very full.

You visited 1 branch of the dungeon, and saw 3 of its levels.

You collected 132 gold pieces.

Inventory:

Missiles
 k - 5 large rocks (quivered) {!d, @Q4}
Armour
 a - a +0 robe (worn)
Jewellery
 m - a cursed +5 ring of dexterity (left claw)
 p - an uncursed ring of protection from fire {unknown}
Scrolls
 g - a scroll of enchant weapon {unknown}
 h - 2 scrolls of fear {unknown}
 i - 2 scrolls of identify {unknown}
 l - a scroll of remove curse {unknown}
 n - a scroll of amnesia {unknown}
Potions
 f - 3 potions of haste {unknown}
 q - a potion of brilliance {unknown}
Comestibles
 e - 4 rations


   Skills:
 - Level 2.4 Fighting
 + Level 2.4 Throwing
 - Level 2.4 Dodging
 - Level 1.0 Stealth
 + Level 5.1 Unarmed Combat


You had 4 spell levels left.
You didn't know any spells.
Your spell library was empty.

Dungeon Overview and Level Annotations

Branches:
Dungeon (3/15)

Altars:


Innate Abilities, Weirdness & Mutations

You are too large for most types of armour.
You have claws for hands.
Your metabolism is lightning-fast.
You like to eat raw meat.
Your natural rate of healing is unusually fast.
You are covered in fur. (AC +1)
You have very tough skin. (AC +2)


Message History

Done exploring.
Done exploring.
(D) Dungeon
Where to? (Enter - D:2, ? - help)
There is a stone staircase leading down here.
You climb downwards.
There is a stone staircase leading up here.
An orc priest comes into view. It is wielding a dagger.
A worm comes into view.
An orc comes into view. It is wielding a flail.
The helpless orc priest fails to defend itself.
You scratch the orc priest but do no damage.
You closely miss the orc priest. The orc priest misses you.
You claw the orc priest!
The orc priest is almost dead.
The orc priest invokes the aid of Beogh against you.
Beogh smites you!
You hear a shout! x2
You take 11 damage, and have 33/44 hp.
MASSIVE DAMAGE!!
You claw the orc priest!
You kill the orc priest!
Your Throwing skill increases to level 2!
You hear a bark! x2
An orc priest comes into view. It is wielding a dagger of protection.
An orc wizard comes into view. It is wielding a dagger.
You hear a bark!
Unknown command.
Unknown command.
Unknown command.
The orc hits you with a flail.
You see here a dagger.
You take 1 damage, and have 32/44 hp.
You claw the orc!
You kill the orc!
The orc priest hits you with a dagger of protection.
An orc comes into view. It is wielding a club.
You claw the orc priest!
The orc priest is heavily wounded.
A jackal comes into view.
The orc priest calls down the wrath of Beogh upon you.
Pain shoots through your body!
The jackal barks!
You claw the orc priest!
You kill the orc priest!
Your Unarmed Combat skill increases to level 5!
You have reached level 5!
You hear an angry hiss.
You hear a bark!
A jackal comes into view.
An orc priest comes into view. It is wielding a whip.
You hear a bark!
The orc priest shouts!
You scratch the orc wizard.
The orc wizard is moderately wounded.
The orc wizard closely misses you. The orc barely misses you.
You regained 3 hp, and now have 35/50 hp.
MP restored: 4 You barely miss the orc wizard.
The orc wizard is moderately wounded.
A worm comes into view.
The orc wizard closely misses you. The orc hits you with a club.
You barely miss the orc wizard.
The orc wizard is moderately wounded.
The orc wizard casts a spell at you. You resist with some effort.
A jackal comes into view. x2
You claw the orc wizard!
The orc wizard is almost dead.
The orc misses you.
The orc wizard hits you but does no damage.
The orc priest calls down the wrath of Beogh upon you.
Beogh smites you!
You take 12 damage, and have 23/50 hp.
MASSIVE DAMAGE!!
You claw the orc!
You kill the orc!
The worm closely misses you. The orc wizard misses you.
The orc priest mumbles some strange prayers to Beogh against you.
Beogh smites you!
* * * LOW HITPOINT WARNING * * *
You hear a shout!
You take 13 damage, and have 10/50 hp.
MASSIVE DAMAGE!!
You claw the jackal!
You kill the jackal!
A leopard gecko comes into view.
An orc comes into view.
The orc wizard hits you but does no damage.
Unknown command.
You claw the jackal!
You kill the jackal!
The worm barely misses you.
Unknown command.
You scratch the orc priest but do no damage.
The orc wizard closely misses you. The orc priest completely misses you.
The worm bites you!
* * * LOW HITPOINT WARNING * * *
You take 8 damage, and have 3/50 hp.
Unknown command.
You scratch the orc priest but do no damage.
The orc wizard hits you but does no damage.
The orc priest mumbles some strange prayers to Beogh against you.
Pain shoots through your body!
You die...

..)██ █.█
.....██.█
.███....████..█
..............█
.██████.███...█
█.█ .█
█.██████.█
█...w.)ow█
.$██████@█


█o█ █oh .l.. █.... █..... █...... █....... You could see 2 worms, an orc priest,
an orc wizard, an orc, a leopard gecko and a jackal.

Vanquished Creatures
  2 orc priests (D:3)
  2 adders (D:2)
  A worm (D:2)
  5 dart slugs
  2 leopard geckos (D:1)
  2 orcs (D:3)
  A ball python (D:2)
  3 giant cockroaches
  4 goblins
  7 hobgoblins
  5 jackals
  11 kobolds
  A quokka (D:2)
  6 bats
  3 frilled lizards
  5 rats
60 creatures vanquished.

Notes
Turn   | Place    | Note
-------+----------+-------------------------------------------
     0 | D:1      | Goblin1989 the Troll Monk began the quest for the Orb.
     0 | D:1      | Reached XP level 1. HP: 22/22 MP: 0/0
   109 | D:1      | Reached XP level 2. HP: 29/29 MP: 1/1
   212 | D:1      | Reached skill level 4 in Unarmed Combat
   410 | D:1      | Reached XP level 3. HP: 34/36 MP: 2/2
   867 | D:2      | Reached skill level 1 in Throwing
  1066 | D:2      | Reached XP level 4. HP: 35/44 MP: 3/3
  1509 | D:3      | Reached skill level 5 in Unarmed Combat
  1509 | D:3      | Reached XP level 5. HP: 34/50 MP: 4/4
  1518 | D:3      | Killed from afar by an orc priest

Skill      XL: |  1  2  3  4 |
---------------+-------------+-----
Unarmed Combat | 4 5 |  5.1
Throwing       | 1 2 |  2.4
Fighting       | |  2.4
Dodging        | |  2.4
Stealth        | |  1.0

Action                   |  1- 3 |  4- 6 || total
-------------------------+-------+-------++-------
Melee: Unarmed           |    92 |    44 ||   136
       Punch             |       |     1 ||     1
 Stab: Sleeping          |     4 |     1 ||     5
  Eat: Chunk             |    15 |     4 ||    19
Armor: Robe              |    32 |    15 ||    47
Dodge: Dodged            |    53 |    28 ||    81

Vault maps used:
D:1:      giann_horns, chequers_big_river, minmay_splitting_lines
D:2:      minmay_misc_feat_doors, corexii_hall_statues_deadend,
          columned_hall_lemuel
D:3:      zin_purify, corexii_item_surrounded_by_moat, due_unseen_surprise
